 Dungeon Sprint DCSS version 0.16-a0-3841-g2612308 (console) character file.

48 Monkaria the Cleaver (level 6, 0/64 HPs)
             Began as a Hill Orc Fighter on Jan 30, 2015.
             Was a Believer of Makhleb.
             Slain by an air elemental (9 damage)
             ... in the Dungeon (Sprint VI: "Thunderdome").
             The game lasted 00:02:45 (288 turns).

Monkaria the Cleaver (Hill Orc Fighter)              Turns: 288, Time: 00:02:45

Health: 0/64       AC:  6    Str: 26    XL:     6   Next: 27%
Magic:  6/6        EV:  7    Int:  8    God:    Makhleb [**....]
Gold:   280        SH:  9    Dex: 10    Spells: 0 memorised, 5 levels left

rFire  . . .     SeeInvis .     a - +0 war axe
rCold  . . .     Clarity  .     b - +0 scale mail
rNeg   . . .     SustAb   .     c - +0 shield
rPois  .         Gourm    .     (no helmet)
rElec  .         Spirit   .     (no cloak)
rCorr  .         Warding  .     (no gloves)
rMut   .         NoTele   +     (no boots)
MR     .....                    (no amulet)
Stlth  ..........               (no ring)
                                (no ring)

@: mighty, very slightly contaminated, hasted, very quick, not resistant to
hostile enchantments, extremely unstealthy
A: no striking features
a: Minor Destruction, Renounce Religion


You were in the Dungeon.
You worshipped Makhleb.
Makhleb was pleased with you.
You were not hungry.

You visited 1 branch You collected 280 gold pieces.

Inventory:

Hand weapons
 a - a +0 war axe (weapon)
Armour
 b - a +0 scale mail (worn)
 c - a +0 shield (worn)
Magical devices
 m - a wand of cold (0)
 n - a wand of fire (3)
Scrolls
 k - 4 scrolls of blinking
 o - 3 scrolls of fog
Potions
 f - a potion of curing
 g - 2 potions of heal wounds
 h - 3 potions of haste
 i - 2 potions of magic
 j - a potion of berserk rage
 l - a potion of resistance
Comestibles
 d - a meat ration
 p - 8 chunks of flesh


   Skills:
 + Level 9.4 Fighting
 * Level 13.2 Axes
 - Level 3.2 Armour
 - Level 3.2 Shields


You had 5 spell levels left.
You didn't know any spells.

Dungeon Overview and Level Annotations

Branches:
Dungeon (1/1)

Altars:
Cheibriados
Dithmenos
Elyvilon
Fedhas
Gozag
Kikubaaqudgha
Makhleb
Nemelex Xobeh
Okawaru
Qazlal
Ru
Sif Muna
Trog
Vehumet
Xom
Yredelemnul
Zin
The Shining One
Jiyva
Lugonu

Shops:
D *[%??*?*:[((!!!!


Message History

Evoke which item? (* to show all) (? for menu, Esc to quit)
Zapping:
n - a wand of fire (4)
Press: ? - help, Shift-Dir - straight line, f/p - air elemental
Aim: an air elemental (heavily damaged)
The bolt of fire hits the air elemental.
The air elemental is almost destroyed.
This wand has 3 charges left.
The air elemental hits you but does no damage.
You block the air elemental's attack.
Your shield and scale mail prevent you from hitting the air elemental.
The air elemental is almost destroyed.
The air elemental hits you!
* * * LOW HITPOINT WARNING * * *
You closely miss the air elemental.
The air elemental is almost destroyed.
The air elemental merges itself into the air.
The air elemental forms itself from the air!
The air elemental hits you but does no damage.
The air elemental hits you!
You die...

#_÷.......# #_......._#
###.........### #⌠...........⌠#
######.8...E[....8.######
##∩_._......###......___∩##
###∩.......†8.# #.8........∩###
#.............###E............##
⌠..........###..@###..........⌠#
⌠..........# #.<.# #..........⌠#
⌠..........###...###....[.....⌠#
#.............###.............##
###∩........8.# #.8........∩###
##∩___......###......___∩##
######.8.........8.######
#⌠...........⌠# ###.........###


You could see an air elemental.

Vanquished Creatures
  A porcupine (D)
  Purgy (D)
  Sigmund (D)
  An adder (D)
  An orc (D)
  A hobgoblin (D)
  2 quokkas (D)
  A bat (D)
  A rat (D)
10 creatures vanquished.

Notes
Turn   | Place    | Note
--------------------------------------------------------------
     0 | D        | Monkaria, the Hill Orc Fighter, began the quest for the Orb.
     0 | D        | Reached XP level 1. HP: 19/19 MP: 1/1
     1 | D        | Found a white marble altar of Elyvilon.
     1 | D        | Found a corrupted altar of Lugonu.
     4 | D        | Found a shadowy altar of Dithmenos.
     5 | D        | Found a stormy altar of Qazlal.
     5 | D        | Found a burning altar of Makhleb.
     5 | D        | Round 1.
     6 | D        | Found Ycriwif's Distillery.
     6 | D        | Found Schuhede's Distillery.
     6 | D        | Found a basalt altar of Yredelemnul.
     6 | D        | Found Cihaiguw's Staff Store.
     7 | D        | Found a glowing silver altar of Zin.
     7 | D        | Found Guhu's Must-Have Magic.
     8 | D        | Found a shimmering altar of Xom.
     8 | D        | Found a sparkling altar of Nemelex Xobeh.
     9 | D        | Found Kako's Magic Scroll Shop.
     9 | D        | Found Xymodua's Magic Scroll Shop.
    27 | D        | Reached skill level 4 in Fighting
    27 | D        | Reached XP level 2. HP: 22/28 MP: 2/2
    44 | D        | Found Bleess' Bottled Wisdom.
    44 | D        | Found a bloodstained altar of Trog.
    45 | D        | Found a deep blue altar of Sif Muna.
    46 | D        | Found Prasch Osha's Do-It-Yourself Clinic.
    48 | D        | Noticed Sigmund
    50 | D        | Killed Sigmund
    50 | D        | Reached skill level 6 in Fighting
    50 | D        | Reached skill level 9 in Axes
    50 | D        | Reached XP level 3. HP: 29/38 MP: 3/3
    50 | D        | Reached XP level 4. HP: 34/45 MP: 4/4
    66 | D        | Found an opulent altar of Gozag.
    66 | D        | Found a blossoming altar of Fedhas.
    66 | D        | Found Gukaehar's Weapon Rack.
    66 | D        | Found Pnantul's Basic Armour.
    67 | D        | Found a viscous altar of Jiyva.
    68 | D        | Found an iron altar of Okawaru.
    68 | D        | Found Viogoobb's Premium Goods.
    68 | D        | Found Ega Heuh's Miscellaneous Merchandise.
    94 | D        | Found a radiant altar of Vehumet.
    97 | D        | Found a snail-covered altar of Cheibriados.
    97 | D        | Found an ancient bone altar of Kikubaaqudgha.
    97 | D        | Found Zacocaju's Identification Station.
    97 | D        | Found Chuavuh's Advanced Armour.
    98 | D        | Found a sacrificial altar of Ru.
    99 | D        | Found Imeodeyt's Jewellery.
    99 | D        | Found a glowing golden altar of the Shining One.
    99 | D        | Found Kuahasif's Bee Food.
   122 | D        | Became a worshipper of Makhleb the Destroyer
   143 | D        | Arena points: 12 (+12) [x2]
   187 | D        | Round 2.
   187 | D        | Noticed Purgy
   197 | D        | Noticed a porcupine
   198 | D        | Killed Purgy
   198 | D        | Acquired Makhleb's first power
   198 | D        | Reached skill level 11 in Axes
   198 | D        | Reached XP level 5. HP: 28/56 MP: 5/5
   208 | D        | Killed a porcupine
   208 | D        | Acquired Makhleb's second power
   208 | D        | Reached skill level 13 in Axes
   208 | D        | Reached XP level 6. HP: 26/64 MP: 6/6
   210 | D        | Arena points: 48 (+36) [x3]
   259 | D        | Round 3.
   271 | D        | Noticed an air elemental
   288 | D        | Slain by an air elemental

Action                   |  1- 3 |  4- 6 || total
-------------------------+-------+-------++-------
Melee: War axe           |     7 |    35 ||    42
Evoke: Wand              |     2 |     5 ||     7
  Use: Potion            |       |     4 ||     4
